AoeStats
← Goatbutt

Arena

513831764Analyzed
1v1 RM · 20d ago on Oct 15, 2026· 53m 20s· 2 players
Game mode
Random Map
Map size
Tiny (2 player)
Population
200
Speed
Normal
Resources
Standard
Victory
Conquest
Starting age
Dark Age
Ending age
Imperial Age
RankedLock teamsTeams togetherTeam positionsShared explorationLock speedFull tech treeHidden civsTurbo modeCheats
Victory
Defeat
🇸🇪 Cumans · Sweden
1092
+16
vs
🇺🇸 Persians · United States
1082
-16
Mublarf
10:53 Feudal Age
14:29 Castle Age
12:18 Double-Bit Axe
13:34 Horse Collar
13:48 Gold Mining
15:30 Bow Saw
16:44 Loom
23:36 Wheelbarrow
22:47 Town Watch
26:14 Town Patrol
29:10 Imperial Age
28:53 Bloodlines
28:49 Scale Barding Armor
28:47 Husbandry
30:38 Chain Barding Armor
32:20 Chemistry
30:59 Cavalier
33:27 Plate Barding Armor
33:04 Forging
33:08 Fletching
36:04 Iron Casting
35:25 Bodkin Arrow
35:31 Padded Archer Armor
40:53 Blast Furnace
39:53 Savar
42:24 Light Cavalry
51:11 Kamandaran
50:36 Crossbowman
Goatbutt
8:35 Feudal Age
9:57 Double-Bit Axe
10:10 Horse Collar
11:57 Loom
20:18 Castle Age
18:55 Wheelbarrow
20:15 Bloodlines
20:29 Scale Barding Armor
20:34 Forging
22:43 Bow Saw
24:39 Heavy Plow
25:33 Hand Cart
26:15 Hand Cart
30:18 Imperial Age
27:35 Town Watch
28:43 Chain Barding Armor
28:58 Iron Casting
28:19 Gold Mining
28:45 Fletching
29:53 Scale Mail Armor
29:56 Pikeman
31:27 Gold Shaft Mining
33:01 Plate Barding Armor
33:27 Blast Furnace
32:42 Chain Mail Armor
31:57 Cavalier
32:14 Halberdier
33:41 Bodkin Arrow
37:55 Paladin
39:21 Ballistics
38:59 Murder Holes
40:07 Chemistry
51:29 Conscription
51:58 Plate Mail Armor
Connection lost

Rejoining the realm…

Still unreachable

The connection could not be restored.

Session expired

The server has moved on; the page needs a fresh start.